 Dungeon Crawl Stone Soup version 0.23.0 (webtiles) character file.

Game seed: 14326531372437616759

5314 Gazerockf the Summoner (level 10, -4/74 HPs)
             Began as a Gnoll Summoner on Feb 10, 2019.
             Was an Elder of Sif Muna.
             Slain by a killer bee (8 damage)
             ... on level 1 of the Lair of Beasts.
             The game lasted 01:14:35 (9090 turns).

Gazerockf the Summoner (Gnoll Summoner)             Turns: 9090, Time: 01:14:35

Health: -4/74      AC:  4    Str: 12    XL:     10   Next: 64%
Magic:  2/36       EV: 17    Int: 20    God:    Sif Muna [****..]
Gold:   610        SH:  0    Dex: 15    Spells: 3/23 levels left

rFire    + . .     SeeInvis +   K - staff of power
rCold    . . .     Gourm    .   (no shield)
rNeg     . . .     Faith    .   J - +0 robe of Gluttony {rF+ MP-9 Stlth+}
rPois    .         Spirit   .   (no helmet)
rElec    .         Reflect  .   (no cloak)
rCorr    .         Harm     .   (no gloves)
MR       .....                  G - +1 pair of boots
Stlth    ++++......             f - amulet of magic regeneration
HPRegen  0.22/turn              b - ring of see invisible
MPRegen  0.50/turn              q - ring of magical power

@: lethally poisoned (-4 -> -17), very slightly contaminated
A: distributed training, fangs 1, strong nose
a: Divine Energy, Channel Magic, Forget Spell, Renounce Religion


You were on level 1 of the Lair of Beasts.
You worshipped Sif Muna.
Sif Muna was greatly pleased with you.
You were not hungry.

You visited 3 branches of the dungeon, and saw 10 of its levels.

You collected 610 gold pieces.

Inventory:

Hand Weapons
 m - a +1 flail of holy wrath
 n - a +0 hunting sling
 z - a +0 whip
 F - a +7 flail
 H - a +2 flail of holy wrath
Missiles
 o - 182 stones (quivered)
Armour
 a - a +0 robe
 r - a +1 robe of fire resistance
 G - a +1 pair of boots (worn)
 J - the +0 robe of Gluttony (worn) {rF+ MP-9 Stlth+}
   (You found it on level 8 of the Dungeon)

   It protects you from fire.
   It affects your magic capacity (-9).
   It makes you more stealthy.
 L - a +0 shield
 P - a +2 robe of cold resistance
Magical Staves
 C - an uncursed staff of power
 I - an uncursed staff of poison
 K - an uncursed staff of power (weapon)
 O - an uncursed staff of fire
 Q - an uncursed staff of cold
Jewellery
 b - a ring of see invisible (left hand)
 f - an amulet of magic regeneration (around neck)
 q - a ring of magical power (right hand)
 x - an uncursed amulet of regeneration
 D - an uncursed ring of see invisible
 N - an uncursed amulet of the gourmand {unknown}
Wands
 w - a wand of flame (18)
Scrolls
 d - 2 scrolls of remove curse
 s - 4 scrolls of teleportation
 v - 3 scrolls of magic mapping
 y - 2 scrolls of amnesia
 B - a scroll of enchant armour
 R - a scroll of identify
Potions
 e - 3 potions of heal wounds
 g - 3 potions of cancellation {unknown}
 i - 5 potions of curing
 j - 2 potions of degeneration {unknown}
 k - a potion of magic {unknown}
 l - 3 potions of flight {unknown}
 p - a potion of brilliance {unknown}
 u - a potion of might {unknown}
 A - 2 potions of agility {unknown}
 E - a potion of mutation {unknown}
 M - a potion of haste {unknown}
Comestibles
 c - 17 rations


   Skills:
 + Level 5.3 Fighting
 + Level 5.3 Short Blades
 + Level 5.3 Long Blades
 + Level 5.3 Axes
 + Level 5.3 Maces & Flails
 + Level 5.3 Polearms
 + Level 5.3 Staves
 + Level 5.3 Slings
 + Level 5.3 Bows
 + Level 5.3 Crossbows
 + Level 5.3 Throwing
 + Level 5.3 Armour
 + Level 7.1 Dodging
 + Level 6.9 Stealth
 + Level 5.3 Shields
 + Level 5.3 Unarmed Combat
 + Level 7.4 Spellcasting
 + Level 4.4 Conjurations
 + Level 4.4 Hexes
 + Level 4.4 Charms
 + Level 8.5 Summonings
 + Level 4.4 Necromancy
 + Level 4.4 Translocations
 + Level 4.4 Transmutations
 + Level 4.4 Fire Magic
 + Level 4.4 Ice Magic
 + Level 4.4 Air Magic
 + Level 4.4 Earth Magic
 + Level 4.4 Poison Magic
 + Level 5.9 Invocations
 + Level 5.3 Evocations


You had 3 spell levels left.
You knew the following spells:

 Your Spells              Type           Power        Failure   Level  Hunger
a - Summon Guardian Gole  Hex/Summ       ####....     1%          3    #......
b - Summon Lightning Spi  Summ/Air       ####....     6%          4    ###....
c - Summon Ice Beast      Ice/Summ       ####....     6%          4    ###....
d - Call Canine Familiar  Summ           #####...     1%          3    #......
e - Confuse               Hex            ####....     4%          3    #......
f - Inner Flame           Hex/Fire       ####....     4%          3    #......

Your spell library contained the following spells:

 Spells                   Type           Power        Failure   Level  Hunger
 Confusing Touch          Hex            ####..       1%          1    None
 Corona                   Hex            ####...      1%          1    None
 Summon Small Mammal      Summ           ####         1%          1    None
 Call Imp                 Summ           #####...     1%          2    None
 Slow                     Hex            ####....     2%          2    None
 Gell's Gravitas          Tloc           ####......   4%          3    #......
 Portal Projectile        Hex/Tloc       ####..       4%          3    #......
 Cause Fear               Hex            ####......   14%         4    ###....
 Leda's Liquefaction      Hex/Erth       ####......   14%         4    ###....
 Petrify                  Tmut/Erth      ####....     14%         4    ###....
 Metabolic Englaciation   Hex/Ice        ####......   38%         5    #####..
 Yara's Violent Unravell  Hex/Tmut       ####......   38%         5    #####..


Dungeon Overview and Level Annotations

Branches:
Dungeon (8/15)             Temple (1/1) D:5            Lair (1/6) D:8

Altars:
Ashenzari
Cheibriados
Dithmenos
Elyvilon
Fedhas
Gozag
Hepliaklqana
Kikubaaqudgha
Makhleb
Nemelex Xobeh
Okawaru
Qazlal
Ru
Sif Muna
Trog
Uskayaw
Vehumet
Wu Jian
Xom
Yredelemnul
Zin
The Shining One

Shops:
D:6 *


Innate Abilities, Weirdness & Mutations

Your experience applies equally to all skills.
You have very sharp teeth.
Your uncanny sense of smell can sniff out nearby items.


Message History

The killer bee barely misses your ice beast.
The killer bee completely misses you. The killer bee misses you.
Your hound completely misses the killer bee.
The killer bee stings your ice beast!
Your ice beast dies!
Something stings the plant but does no damage.
The killer bee barely misses you. The killer bee completely misses you.
The killer bee misses you.
Your hound misses the killer bee.
The killer bee stings your ice beast but does no damage.
Your ice beast closely misses the killer bee.
The killer bee stings your lightning spire!
As you read the scroll of fear, it crumbles to dust.
You assume a fearsome visage.
Your lightning spire is unaffected.
The killer bee looks frightened! x4
* * * LOW HITPOINT WARNING * * *
You feel sick. The killer bee stings you!
* * * LOW HITPOINT WARNING * * *
The killer bee stings you!
You die...

####.#8..†.....
##.#P..§§h>.....
#.......yY....#. #####
#.............# ∆#....
#.....P.......# ∆ #....
#....##....y..# ∆ ##...
#....##...y...# ∆ ∆##...
#.....#yyyy...#∆∆∆ #....
##....###@8...##∆ ∆ ∆##...
###..............#######....
#P..........................
##..........................
#..........................
##.........................
##........................
#........................
###......................


You could see 7 killer bees, a friendly ice beast, a friendly lightning spire
and a friendly hound.

Vanquished Creatures
  An ice beast (D:6)
  A phantom (D:4)
  A hound (D:8)
  An adder (D:2)
  An orc (D:3)
  A ball python (D:7)
  A giant cockroach (D:2)
  A quokka (D:3)
  A rat (D:2)
9 creatures vanquished.

Vanquished Creatures (collateral kills)
  Fannar (Lair:1)
  A hydra (Lair:1)
  3 two-headed ogres (D:8)
  A black mamba (Lair:1)
  A komodo dragon (Lair:1)
  A queen bee (Lair:1)
  A hornet (D:8)
  A hippogriff (Lair:1)
  Sigmund (D:2)
  A spriggan (D:7)
  A basilisk (Lair:1)
  A water moccasin (Lair:1)
  Duvessa (D:6)
  4 porcupines (D:8)
  4 black bears
  2 sky beasts (D:5)
  2 orc warriors (D:7)
  3 ogres
  A crocodile (Lair:1)
  A centaur (D:8)
  5 bullfrogs
  Dowan (D:6)
  2 scorpions
  9 killer bees (Lair:1)
  5 wights (D:7)
  4 howler monkeys
  3 centaur zombies
  4 crimson imps
  2 orc priests
  2 jellies
  A bullfrog skeleton (D:6)
  3 hounds
  4 orc wizards
  Jessica (D:2)
  Terence (D:2)
  8 iguanas
  10 worker ants
  A hound zombie (D:5)
  A worker ant zombie (D:6)
  A howler monkey skeleton (D:5)
  6 gnolls
  12 adders
  A shadow imp (D:5)
  4 oozes
  An adder skeleton (D:5)
  An adder zombie (D:5)
  3 worms
  A dart slug (D:3)
  6 leopard geckos
  29 orcs
  6 giant cockroaches
  7 goblins
  6 hobgoblins
  A jackal (D:8)
  3 quokkas
  A ball python (D:5)
  4 bats
  4 frilled lizards
  A jackal zombie (D:5)
  5 kobolds
  2 leopard gecko skeletons
  A quokka skeleton (D:5)
  4 rats
  9 fungi (D:8)
  3 plants (D:8)
221 creatures vanquished.

Vanquished Creatures (others)
  A two-headed ogre (D:8)
  A water moccasin (Lair:1)
  A big kobold (D:7)
  4 fungi (D:8)
  3 plants (D:8)
10 creatures vanquished.

Grand Total: 240 creatures vanquished

Notes
Turn   | Place    | Note
-------+----------+-------------------------------------------
     0 | D:1      | Gazerockf the Gnoll Summoner began the quest for the Orb.
     0 | D:1      | Reached XP level 1. HP: 13/13 MP: 6/6
   590 | D:2      | Noticed Sigmund
   668 | D:2      | Killed Sigmund
   668 | D:2      | Reached skill level 1 in Fighting
   668 | D:2      | Reached skill level 1 in Short Blades
   668 | D:2      | Reached skill level 1 in Long Blades
   668 | D:2      | Reached skill level 1 in Axes
   668 | D:2      | Reached skill level 1 in Maces & Flails
   668 | D:2      | Reached skill level 1 in Polearms
   668 | D:2      | Reached skill level 1 in Staves
   668 | D:2      | Reached skill level 1 in Slings
   668 | D:2      | Reached skill level 1 in Bows
   668 | D:2      | Reached skill level 1 in Crossbows
   668 | D:2      | Reached skill level 1 in Throwing
   668 | D:2      | Reached skill level 1 in Armour
   668 | D:2      | Reached skill level 1 in Shields
   668 | D:2      | Reached skill level 1 in Unarmed Combat
   668 | D:2      | Reached skill level 5 in Spellcasting
   668 | D:2      | Reached skill level 1 in Invocations
   668 | D:2      | Reached skill level 1 in Evocations
   668 | D:2      | Reached XP level 2. HP: 20/21 MP: 8/8
   668 | D:2      | Reached XP level 3. HP: 25/26 MP: 9/9
   668 | D:2      | Reached XP level 4. HP: 31/32 MP: 11/11
   674 | D:2      | Found a deep blue altar of Sif Muna.
   707 | D:2      | Became a worshipper of Sif Muna the Loreminder
   778 | D:2      | Reached skill level 1 in Conjurations
   778 | D:2      | Reached skill level 1 in Hexes
   778 | D:2      | Reached skill level 1 in Charms
   778 | D:2      | Reached skill level 1 in Necromancy
   778 | D:2      | Reached skill level 1 in Translocations
   778 | D:2      | Reached skill level 1 in Transmutations
   778 | D:2      | Reached skill level 1 in Fire Magic
   778 | D:2      | Reached skill level 1 in Ice Magic
   778 | D:2      | Reached skill level 1 in Air Magic
   778 | D:2      | Reached skill level 1 in Earth Magic
   778 | D:2      | Reached skill level 1 in Poison Magic
   785 | D:2      | Learned a level 4 spell: Summon Lightning Spire
   814 | D:2      | Noticed Terence
   824 | D:2      | Killed Terence
  1053 | D:2      | Reached XP level 5. HP: 37/37 MP: 8/12
  1058 | D:2      | Noticed Jessica
  1068 | D:2      | Killed Jessica
  1592 | D:2      | Learned a level 4 spell: Summon Ice Beast
  1658 | D:3      | Noticed a spatial vortex
  1792 | D:3      | Reached * piety under Sif Muna
  2645 | D:4      | Reached XP level 6. HP: 44/44 MP: 1/13
  2710 | D:4      | Noticed a phantom
  2742 | D:4      | Killed a phantom
  2742 | D:4      | Reached skill level 5 in Dodging
  3731 | D:5      | Entered Level 5 of the Dungeon
  3780 | D:5      | Reached XP level 7. HP: 50/50 MP: 15/15
  4138 | D:5      | Learned a level 3 spell: Summon Guardian Golem
  4142 | D:5      | Learned a level 3 spell: Call Canine Familiar
  4407 | D:5      | Found a staircase to the Ecumenical Temple.
  4424 | D:5      | Reached ** piety under Sif Muna
  4442 | D:5      | Learned a level 3 spell: Confuse
  4495 | D:5      | Reached skill level 5 in Stealth
  4678 | Temple   | Entered the Ecumenical Temple
  4841 | D:6      | Noticed Duvessa
  4844 | D:6      | Noticed Dowan
  4855 | D:6      | Killed Duvessa
  4870 | D:6      | Killed Dowan
  4870 | D:6      | Reached XP level 8. HP: 53/57 MP: 12/16
  5100 | D:6      | Found an opulent altar of Gozag.
  5102 | D:6      | Found Gozag's Platinum Reserve.
  5502 | D:6      | Found a glowing golden altar of the Shining One.
  6231 | D:7      | Noticed a spriggan baker
  6246 | D:7      | Killed a spriggan baker
  6426 | D:7      | Reached *** piety under Sif Muna
  6829 | D:8      | Reached XP level 9. HP: 65/65 MP: 18/18
  6832 | D:8      | Found a staircase to the Lair.
  6869 | D:8      | Noticed a two-headed ogre
  6881 | D:8      | Killed a two-headed ogre
  6881 | D:8      | Reached skill level 8 in Summonings
  6917 | D:8      | Got an opalescent robe
  6927 | D:8      | Identified the +0 robe of Gluttony {rF+ MP-9 Stlth+} (You
                  | found it on level 8 of the Dungeon)
  7055 | D:8      | Noticed a two-headed ogre
  7077 | D:8      | Killed a two-headed ogre
  7120 | D:8      | Learned a level 3 spell: Inner Flame
  7187 | D:8      | Noticed a hornet
  7224 | D:8      | Killed a hornet
  7224 | D:8      | Reached skill level 5 in Invocations
  7509 | D:8      | Noticed a two-headed ogre
  7529 | D:8      | Killed a two-headed ogre
  7529 | D:8      | Reached XP level 10. HP: 4/73 MP: 6/20
  7610 | D:8      | Noticed a two-headed ogre
  7619 | D:8      | Killed a two-headed ogre
  8137 | Lair:1   | Entered Level 1 of the Lair of Beasts
  8260 | Lair:1   | Noticed Fannar
  8284 | Lair:1   | Killed Fannar
  8284 | Lair:1   | Reached **** piety under Sif Muna
  8284 | Lair:1   | Reached skill level 5 in Fighting
  8284 | Lair:1   | Reached skill level 5 in Short Blades
  8284 | Lair:1   | Reached skill level 5 in Long Blades
  8284 | Lair:1   | Reached skill level 5 in Axes
  8284 | Lair:1   | Reached skill level 5 in Maces & Flails
  8284 | Lair:1   | Reached skill level 5 in Polearms
  8284 | Lair:1   | Reached skill level 5 in Staves
  8284 | Lair:1   | Reached skill level 5 in Slings
  8284 | Lair:1   | Reached skill level 5 in Bows
  8284 | Lair:1   | Reached skill level 5 in Crossbows
  8284 | Lair:1   | Reached skill level 5 in Throwing
  8284 | Lair:1   | Reached skill level 5 in Armour
  8284 | Lair:1   | Reached skill level 5 in Shields
  8284 | Lair:1   | Reached skill level 5 in Unarmed Combat
  8284 | Lair:1   | Reached skill level 5 in Evocations
  8517 | Lair:1   | Noticed a five-headed hydra
  8531 | Lair:1   | Killed a five-headed hydra
  9057 | Lair:1   | Noticed a black mamba
  9067 | Lair:1   | Killed a black mamba
  9090 | Lair:1   | Slain by a killer bee

Skill      XL: |  1  2  3  4  5  6  7  8  9 10 |
---------------+-------------------------------+-----
Fighting       | 1 2 3 4 5 |  5.3
Short Blades   | 1 2 3 4 5 |  5.3
Long Blades    | 1 2 3 4 5 |  5.3
Axes           | 1 2 3 4 5 |  5.3
Maces & Flails | 1 2 3 4 5 |  5.3
Polearms       | 1 2 3 4 5 |  5.3
Staves         | 1 2 3 4 5 |  5.3
Slings         | 1 2 3 4 5 |  5.3
Bows           | 1 2 3 4 5 |  5.3
Crossbows      | 1 2 3 4 5 |  5.3
Throwing       | 1 2 3 4 5 |  5.3
Armour         | 1 2 3 4 5 |  5.3
Shields        | 1 2 3 4 5 |  5.3
Unarmed Combat | 1 2 3 4 5 |  5.3
Spellcasting   | 5 6 7 |  7.4
Invocations    | 1 2 3 4 5 |  5.9
Evocations     | 1 2 3 4 5 |  5.3
Conjurations   | 1 2 3 4 |  4.4
Hexes          | 1 2 3 4 |  4.4
Charms         | 1 2 3 4 |  4.4
Necromancy     | 1 2 3 4 |  4.4
Translocations | 1 2 3 4 |  4.4
Transmutations | 1 2 3 4 |  4.4
Fire Magic     | 1 2 3 4 |  4.4
Ice Magic      | 1 2 3 4 |  4.4
Air Magic      | 1 2 3 4 |  4.4
Earth Magic    | 1 2 3 4 |  4.4
Poison Magic   | 1 2 3 4 |  4.4
Dodging        | 5 6 7 |  7.1
Stealth        | 5 6 |  6.9
Summonings     | 8 |  8.5

Action                   |  1- 3 |  4- 6 |  7- 9 | 10-12 || total
-------------------------+-------+-------+-------+-------++-------
Melee: Unarmed           |       |     6 |       |       ||     6
       Bite              |       |     1 |     5 |       ||     6
       Flail             |       |    13 |    12 |       ||    25
       Staff             |       |       |    20 |     3 ||    23
       Punch             |       |       |     1 |       ||     1
 Fire: Hunting sling     |       |     9 |       |       ||     9
 Cast: Summon Small Mamm |    29 |    29 |    16 |       ||    74
       Summon Lightning  |       |    34 |    28 |    14 ||    76
       Summon Ice Beast  |       |    51 |    73 |    30 ||   154
       Call Canine Famil |       |       |    41 |    15 ||    56
       Summon Guardian G |       |       |    21 |    11 ||    32
       Confuse           |       |       |    10 |     3 ||    13
       Inner Flame       |       |       |     3 |     3 ||     6
  Use: Scroll            |       |     5 |    11 |     2 ||    18
       Potion            |       |       |       |     1 ||     1
 Stab: Sleeping          |       |     1 |       |       ||     1
       Distracted        |       |       |     2 |       ||     2
  Eat: Chunk             |       |    16 |    22 |     6 ||    44
       Ration            |       |     2 |     2 |     2 ||     6
Armor: Robe              |     1 |    11 |    12 |     6 ||    30
Dodge: Dodged            |     5 |    65 |    95 |    60 ||   225
